 Dungeon Crawl Stone Soup version 0.29.0-11-gd7f09526c8 (webtiles) character file.

Game seed: 2614538062206229322

73 Arum the Digger (level 4, -2/30 HPs)
             Began as a Formicid Earth Elementalist on Sept 2, 2022.
             Slain by a gnoll
             ... wielding a +0 halberd
              (11 damage)
             ... on level 2 of the Dungeon.
             The game lasted 00:02:18 (1943 turns).

Arum the Digger (Formicid Earth Elementalist)       Turns: 1943, Time: 00:02:19

Health: -2/30      AC:  2    Str: 13    XL:     4   Next: 51%
Magic:  3/9        EV: 12    Int: 16    God:
Gold:   157        SH:  0    Dex: 14    Spells: 6/10 levels left

rFire   . . .      SeeInvis +   (no weapon)
rCold   . . .      Faith    .   (no shield)
rNeg    . . .      Spirit   .   a - +0 robe
rPois   .          Reflect  .   (helmet unavailable)
rElec   .          Harm     .   (no cloak)
rCorr   .          Rampage  .   (no gloves)
Will    .....                   (no boots)
Stlth   ++........              (no amulet)
HPRegen 0.10/turn               (no ring)
MPRegen 0.11/turn               (no ring)

@: no status effects
A: permanent stasis, dig shafts and tunnels, antennae 3, four strong arms
a: Dig, Shaft Self


You were on level 2 of the Dungeon.
You visited 1 branch of the dungeon, and saw 2 of its levels.

You collected 157 gold pieces.

Inventory:

Armour
 a - a +0 robe (worn)
Scrolls
 d - 4 scrolls of identify {unknown}
 e - a scroll of enchant weapon {unknown}
 g - a scroll of vulnerability {unknown}
 h - 3 scrolls of torment {unknown}
 j - a scroll of fear {unknown}
 l - a scroll of noise {unknown}
Potions
 b - a potion of magic
 c - 2 potions of curing {unknown}
 f - 3 potions of haste {unknown}
 i - a potion of might {unknown}
 k - a potion of degeneration {unknown}


   Skills:
 - Level 1.7 Dodging
 - Level 2.4 Stealth
 * Level 3.8 Spellcasting
 + Level 0.6 Conjurations
 - Level 1.1 Transmutations
 + Level 4.4 Earth Magic


You had 6 spell levels left.
You knew the following spells:

 Your Spells              Type           Power      Damage    Failure   Level
a - Sandblast             Erth           34%        2d9       2%          1
b - Stone Arrow           Conj/Erth      22%        3d8       19%         3

Your spell library contained the following spells:

 Spells                   Type           Power      Damage    Failure   Level
 Passwall                 Tmut/Erth      9%         N/A       9%          2
 Foxfire                  Conj/Fire      16%        2x1d4     16%         1
 Conjure Flame            Conj/Fire      4%         6-21      41%         3
 Inner Flame              Hex/Fire       3%         N/A       45%         3
 Petrify                  Tmut/Erth      11%        N/A       50%         4
 Flame Wave               Conj/Fire      4%         2d5       83%         4


Dungeon Overview and Level Annotations

Branches:
Dungeon (2/15)

Altars:
Okawaru


Innate Abilities, Weirdness & Mutations

You cannot be hasted, slowed, berserked, paralysed or teleported.
You can dig through walls and to a lower floor.
You have a pair of large antennae on your head. (SInv)
Your four strong arms can wield two-handed weapons with a shield.


Message History

Aim: a gnoll, wielding a +0 spear (almost dead, 84% to hit)
The blast of sand misses the gnoll.
The blast of sand hits the gnoll but does no damage.
The gnoll hits you from afar with a +0 spear.
* * * LOW HITPOINT WARNING * * *
Casting: Sandblast (safe; 2% risk of failure)
Confirm with . or Enter, or press ? or * to list all spells.
You don't know that spell.
Casting: Sandblast (safe; 2% risk of failure)
Confirm with . or Enter, or press ? or * to list all spells.
Aiming: Sandblast (safe; 2% risk of failure)
Press: ? - help, Shift-Dir - straight line, f/p - gnoll
Aim: a gnoll, wielding a +0 spear (almost dead, 84% to hit)
The blast of sand hits the gnoll!
You kill the gnoll!
Casting: Sandblast (safe; 2% risk of failure)
Confirm with . or Enter, or press ? or * to list all spells.
Aiming: Sandblast (safe; 2% risk of failure)
Press: ? - help, Shift-Dir - straight line, f - gnoll
Aim: a gnoll, wielding a +0 halberd (84% to hit)
You miscast Sandblast.
You are very lightly contaminated with residual magic.
Nothing appears to happen.
Your magical contamination has completely faded away.
Casting: Sandblast (safe; 2% risk of failure)
Confirm with . or Enter, or press ? or * to list all spells.
Aiming: Sandblast (safe; 2% risk of failure)
Press: ? - help, Shift-Dir - straight line, f/p - gnoll
Aim: a gnoll, wielding a +0 halberd (84% to hit)
The blast of sand hits the gnoll.
The gnoll is heavily wounded.
Casting: Sandblast (safe; 2% risk of failure)
Confirm with . or Enter, or press ? or * to list all spells.
Aiming: Sandblast (safe; 2% risk of failure)
Press: ? - help, Shift-Dir - straight line, f/p - gnoll
Aim: a gnoll, wielding a +0 halberd (heavily wounded, 84% to hit)
The blast of sand hits the gnoll.
The gnoll is severely wounded.
The gnoll hits you from afar with a +0 halberd!
You die...

##########.##g####
#......# #.##....#
###...## #.##.##.#
##..######## #.#####.#
#..........# ## #.# #.#
#..........# .## #.#
#.###..........# †.# #g#
#g##...........# #.##
###g# #.##.###########
#..### #...# #@##.#
##...###g### #<##.#
###..##...# ####)#
####†####.# ##.#
#....##...# #..#
#.##<....########.#######
# ####.†...g....>......#
#################.#


You could see a gnoll.

Vanquished Creatures
  3 gnolls (D:2)
  A worm (D:2)
  3 dart slugs (D:1)
  3 endoplasms (D:1)
  5 goblins
  3 hobgoblins (D:1)
  2 kobolds (D:1)
  4 quokkas
  4 ball pythons
  3 frilled lizards
  2 rats (D:1)
33 creatures vanquished.

Notes
Turn   | Place    | Note
-------+----------+-------------------------------------------
     0 | D:1      | Arum the Formicid Earth Elementalist began the quest for
                  | the Orb.
     0 | D:1      | Reached XP level 1. HP: 13/13 MP: 3/3
   136 | D:1      | Reached XP level 2. HP: 19/19 MP: 1/5
   483 | D:1      | Reached skill level 4 in Earth Magic
   677 | D:1      | Reached XP level 3. HP: 24/24 MP: 5/7
  1476 | D:2      | Found an iron altar of Okawaru.
  1824 | D:2      | Learned a level 3 spell: Stone Arrow
  1879 | D:2      | Reached XP level 4. HP: 30/30 MP: 5/9
  1943 | D:2      | Slain by a gnoll

Illustrated notes

Levels and vault maps discovered:
D:1:      nzn_arrival_crosshair, layout_basic, serial_forest,
          infiniplex_forest_straight_2, infiniplex_forest_lined_room_2,
          infiniplex_forest_lined_2, infiniplex_forest_clump_medium,
          infiniplex_forest_lined_room_, infiniplex_forest_lined_2,
          infiniplex_forest_zigzag_1, infiniplex_forest_lined_3,
          minmay_pentomino_s2
D:2:      layout_basic, basic_altar, shapermc_ecumenical_altar_mp_highgroup,
          corexii_hall_statues_x

Skill      XL: |  1  2 |
---------------+-------+-----
Earth Magic    | 4 |  4.4
Spellcasting   | 3 |  3.8
Dodging        | |  1.7
Stealth        | |  2.4
Conjurations   | |  0.6
Transmutations | |  1.1

Action                   |  1- 3 |  4- 6 || total
-------------------------+-------+-------++-------
Melee: Unarmed           |     4 |       ||     4
 Cast: Sandblast         |    40 |     9 ||    49
Armor: Robe              |     1 |     1 ||     2
Dodge: Dodged            |     2 |     4 ||     6
